 Dungeon Crawl Stone Soup version 0.30-a0-857-gcaf70739d4 (webtiles) character file.

Game seed: 5463445544597532656

7 FexLirch the Insei (level 2, -3/18 HPs)
             Began as an Octopode Transmuter on Mar 5, 2023.
             Slain by a quokka (4 damage)
             ... on level 1 of the Dungeon.
             The game lasted 00:00:28 (159 turns).

FexLirch the Insei (Octopode Transmuter)             Turns: 159, Time: 00:00:28

Health: -3/18      AC:  1    Str:  9    XL:     2   Next: 0%
Magic:  4/5        EV: 13    Int: 15    God:
Gold:   0          SH:  0    Dex: 12    Spells: 4/5 levels left

rFire   . . .      SeeInvis .      - Unarmed
rCold   . . .      Faith    .    (no shield)
rNeg    . . .      Spirit   .    (helmet currently unavailable)
rPois   .          Reflect  .    (no amulet)
rElec   .          Rampage  .    (no ring)
rCorr   .                        (no ring)
Will    .....                    (no ring)
Stlth   ++                       (no ring)
HPRegen 0.23/turn                (no ring)
MPRegen 0.09/turn                (no ring)
                                 (no ring)
                                 (no ring)

@: appendages (expiring)
A: tentacle spike 3, almost no armour, amphibious, 8 rings, camouflage 1,
gelatinous body 1, (nimble swimmer 1), tentacles
a: End Transformation


You were on level 1 of the Dungeon.
One of your tentacles had grown a beastly spike.
You visited 1 branch of the dungeon, and saw 1 of its levels.

Inventory:

Missiles
 d - 5 stones
Scrolls
 b - a scroll of noise {unknown}
 c - a scroll of teleportation {unknown}
Potions
 a - a potion of lignification


   Skills:
 - Level 1.0 Fighting
 - Level 2.0 Dodging
 + Level 3.2 Unarmed Combat
 - Level 2.0 Spellcasting
 + Level 2.3 Transmutations


You had 4 spell levels left.
You knew the following spells:

 Your Spells              Type           Power      Damage    Failure   Level
a - Beastly Appendage     Tmut           16%        N/A       9%          1

Your spell library contained the following spells:

 Spells                   Type           Power      Damage    Failure   Level
 Wereblood                Tmut           8%         N/A       13%         2
 Spider Form              Tmut/Pois      5%         N/A       38%         3
 Ice Form                 Ice/Tmut       5%         N/A       80%         4


Dungeon Overview and Level Annotations

Branches:
Dungeon (1/15)

Altars:


Innate Abilities, Weirdness & Mutations

One of your tentacles has grown a beastly spike.
You cannot wear most types of armour.
You are amphibious.
You can wear up to eight rings at the same time.
Your skin changes colour to match your surroundings (Stealth+).
Your rubbery body absorbs attacks. (AC +1, EV +1)
((You are camouflaged when in or above water. (Stealth+)))
You have tentacles for arms and can constrict up to eight enemies at once.


Message History

You have reached level 2!
You are too injured to fight recklessly!
You are too injured to fight recklessly!
You tentacle-slap the quokka. Your grab misses the quokka.
Your tentacle spike misses the quokka.
The quokka is almost dead.
The bat hits you. The quokka bites you.
* * * LOW HITPOINT WARNING * * *
You closely miss the quokka. You grab the quokka.
The quokka is almost dead.
Your transformation is almost over.
You constrict the quokka, but do no damage.
The bat hits you.
* * * LOW HITPOINT WARNING * * *
The quokka misses you.
You release your grip on the quokka.
You closely miss the quokka. Your grab misses the quokka.
Your tentacle spike misses the quokka.
The quokka is almost dead.
The quokka closely misses you. The quokka misses you.
You closely miss the quokka. Your grab misses the quokka.
Your squeeze misses the quokka.
The quokka is almost dead.
The quokka closely misses you.
You tentacle-slap the quokka but do no damage.
Your grab misses the quokka.
The quokka is almost dead.
The quokka bites you.
* * * LOW HITPOINT WARNING * * *
You tentacle-slap the quokka but do no damage.
Your grab misses the quokka.
Your tentacle spike misses the quokka.
Your tentacle-slap misses the quokka.
The quokka is almost dead.
The quokka closely misses you.
You miss the quokka. You grab the quokka.
Your tentacle spike misses the quokka.
Your squeeze misses the quokka.
The quokka is almost dead.
You constrict the quokka, but do no damage.
The quokka bites you.
You die...

##########.##.#####
#.................#
#.##.......##.#####
#.##.########.#
#.##.##### #.####
.........# #....#
#.##..##.####..#.#######
.............>.........#
................@##.#..
.##.#.##..###..#r# #
.##...##..# #..†bS.....#
.##.###. ...........#.##
....# ..#..........
.##.# #.........#.#.#
.##.# .$........#.# #
#.# .......... . ..#
.....#.... .#


You could see a quokka, a bat and a ball python.

Vanquished Creatures
  A bat (D:1)
  2 hobgoblins (D:1)
  A frilled lizard (D:1)
  A goblin (D:1)
  A kobold (D:1)
  A rat (D:1)
7 creatures vanquished.

Notes
Turn   | Place    | Note
-------+----------+-------------------------------------------
     0 | D:1      | FexLirch the Octopode Transmuter began the quest for the
                  | Orb.
     0 | D:1      | Reached XP level 1. HP: 13/13 MP: 3/3
   152 | D:1      | Reached XP level 2. HP: 10/18 MP: 3/5
   159 | D:1      | Slain by a quokka

Illustrated notes

Levels and vault maps discovered:
D:1:      dpeg_arrival_short_road, layout_basic

Action                     || total
---------------------------++-------
  Melee: Unarmed           ||    19
         Kick              ||     6
         Constrict         ||     6
         Tentacles         ||     2
   Cast: Beastly Appendage ||     4
 Armour: Skin              ||     1
  Dodge: Dodged            ||    12

Table legend: (Time is in decaauts)
 A = Elapsed time spent in this place.
 B = Non-inter-level travel time spent in this place.
 C = Inter-level travel time spent in this place.
 D = Time resting spent in this place.
 E = Time spent auto-exploring this place.
 F = Levels seen in this place.
 G = Mean time per level.
                   A        B        C        D        E       F      G
               +--------+--------+--------+--------+--------+-----+--------+
         Total |    157 |    157 |      0 |      0 |    106 |   1 |  157.0 |
       Dungeon |    157 |    157 |      0 |      0 |    106 |   1 |  157.0 |
               +--------+--------+--------+--------+--------+-----+--------+

Top non-repeatable levels by time:
     D:1: 157 daAuts
